 Dungeon Crawl Stone Soup version 0.29-a0-393-g47a863cc1b (webtiles) character file.

Game seed: 7697182272577072028

835 zishaf the Skirmisher (level 7, 0/79 HPs)
             Began as an Ogre Chaos Knight on May 9, 2022.
             Was a Plaything of Xom.
             Killed from afar by an orc wizard (7 damage)
             ... with a magic dart
             ... on level 4 of the Dungeon.
             The game lasted 00:05:38 (3589 turns).

zishaf the Skirmisher (Ogre Chaos Knight)           Turns: 3589, Time: 00:05:40

Health: 0/79       AC:  5    Str: 19    XL:     7   Next: 99%
Magic:  10/10      EV:  9    Int: 13    God:    Xom [...*..]
Gold:   174        SH:  0    Dex:  8    Spells: 5/10 levels left

rFire   . . .      SeeInvis .   a - +0 mace (chaos)
rCold   . . .      Faith    .   (no shield)
rNeg    . . .      Spirit   .   b - +2 robe
rPois   .          Reflect  .   (helmet restricted)
rElec   .          Harm     .   (no cloak)
rCorr   .          Rampage  .   (gloves unavailable)
Will    .....                   (boots unavailable)
Stlth   +.........              n - amulet of regeneration
HPRegen 1.03/turn               m - ring of wizardry
MPRegen 0.12/turn               (no ring)

@: no status effects
A: large, unfitting armour, tough skin 1, claws 1
a: Renounce Religion


You were on level 4 of the Dungeon.
You worshipped Xom.
You were a favourite toy of Xom.
You visited 1 branch of the dungeon, and saw 4 of its levels.

You collected 174 gold pieces.

Inventory:

Hand Weapons
 a - a +0 mace of chaos (weapon)
Missiles
 j - 5 poisoned darts (quivered)
 o - 5 large rocks
Armour
 b - a +2 robe (worn)
Jewellery
 m - a ring of wizardry (left claw)
 n - an amulet of regeneration (around neck)
Wands
 k - a wand of iceblast (1)
Scrolls
 e - a scroll of brand weapon
 f - a scroll of magic mapping
 p - 3 scrolls of teleportation
Potions
 d - a potion of attraction
 g - a potion of magic
 h - a potion of curing {unknown}
 i - 2 potions of haste
 l - a potion of brilliance {unknown}
Miscellaneous
 c - a piece from Xom's chessboard (15/15)


   Skills:
 + Level 7.9 Fighting
 + Level 5.4 Maces & Flails
 - Level 2.1 Dodging
 - Level 2.1 Spellcasting
 + Level 3.4 Earth Magic


You had 5 spell levels left.
You knew the following spells:

 Your Spells              Type           Power      Damage    Failure   Level
a - Lee's Rapid Deconstr  Erth           5%         3d7*      52%         5

Your spell library contained the following spells:

 Spells                   Type           Power      Damage    Failure   Level
 Corpse Rot               Necr/Air       2%         N/A       16%         2
 Poisonous Vapours        Pois/Air       2%         N/A       16%         2
 Fulminant Prism          Conj/Hex       0%         3d6       65%         4
 Iskenderun's Mystic Bla  Conj/Tloc      1%         2d3       65%         4


Dungeon Overview and Level Annotations

Branches:
Dungeon (4/15)
 Temple: D:4-7

Altars:
Trog
Yredelemnul

Shops:
D:2 (


Innate Abilities, Weirdness & Mutations

You are too large for most types of armour.
You have tough skin. (AC +1)
You have sharp fingernails.


Message History

Unknown command.
You hit the orc priest. You freeze the orc priest.
The orc priest is severely wounded.
You feel less confused.
The orc wizard casts a spell.
The orc wizard flickers and vanishes!
Deactivating autopickup; reactivate with Ctrl-A.
The orc priest hits you with a +0 dagger.
The orc hits you but does no damage.
You barely miss the orc priest.
The orc priest is severely wounded.
You hear Xom's avuncular chuckle.
The orc seems to slow down.
You hear some strange, mumbled words.
Something tries to affect you, but you resist.
The orc priest hits you with a +0 dagger.
The orc hits you with a +0 hand axe.
* * * LOW HITPOINT WARNING * * *
You hit the orc priest but do no damage.
The orc priest appears confused.
The orc priest is severely wounded.
Something hits you but does no damage.
The orc priest hits the orc with a +0 dagger.
You hit the orc priest but do no damage.
The orc priest suddenly stops moving!
The orc priest is severely wounded.
You hear some strange, mumbled words.
A puff of flame appears from out of thin air!
The puff of flame hits you!
* * * LOW HITPOINT WARNING * * *
The orc hits you with a +0 hand axe.
* * * LOW HITPOINT WARNING * * *
The helpless orc priest fails to defend itself.
You hit the orc priest.
You kill the orc priest!
You hear some strange, mumbled words.
A magic dart appears from out of thin air!
The magic dart hits you!
You die...
Xom yawns loudly!

#### ..# #.#
####)########
#..@o........ .
#.##{.#...##
....#.##.$†....#
...oo..)..#......
....#####........
. ####.#### .# #


You could see an orc (slow).

Vanquished Creatures
  A glowing orange brain (D:4)
  An ice beast (D:3)
  A jelly (D:4)
  2 orc priests (D:4)
  Jessica (D:3)
  6 adders
  An ufetubus (D:4)
  3 worms (D:3)
  2 dart slugs
  An orc (D:3)
  9 ball pythons
  3 endoplasms
  5 goblins
  4 hobgoblins
  4 kobolds
  3 quokkas (D:1)
  6 bats
  2 frilled lizards (D:1)
  4 rats
59 creatures vanquished.

Vanquished Creatures (others)
  A rat (D:3)
1 creature vanquished.

Grand Total: 60 creatures vanquished

Notes
Turn   | Place    | Note
-------+----------+-------------------------------------------
     0 | D:1      | zishaf the Ogre Chaos Knight began the quest for the Orb.
     0 | D:1      | Reached XP level 1. HP: 24/24 MP: 1/1
   248 | D:1      | Reached XP level 2. HP: 33/33 MP: 2/2
   789 | D:1      | Reached XP level 3. HP: 41/41 MP: 3/3
   932 | D:1      | XOM: 10-stop teleportation journey
  1285 | D:2      | Found Kiupe's Weapon Emporium.
  1388 | D:2      | XOM: cast spell 'Summon Cactus Giant'
  1390 | D:2      | Reached skill level 5 in Fighting
  1575 | D:2      | XOM: silly message
  1735 | D:2      | XOM: silly message
  1790 | D:2      | XOM: divination: detect items
  2412 | D:3      | Noticed an ice beast
  2421 | D:3      | Killed an ice beast
  2422 | D:3      | Reached XP level 4. HP: 52/52 MP: 4/7
  2422 | D:3      | Reached XP level 5. HP: 59/59 MP: 4/8
  2432 | D:3      | Learned a level 5 spell: Lee's Rapid Deconstruction
  2473 | D:3      | Noticed Jessica
  2479 | D:3      | Killed Jessica
  2544 | D:3      | Noticed a moth of wrath
  2547 | D:3      | Found a bloodstained altar of Trog.
  2549 | D:3      | XOM: enchant monster (good)
  2576 | D:3      | XOM: silly message
  2577 | D:3      | XOM: divination: detect creatures
  2692 | D:3      | Reached skill level 6 in Fighting
  2697 | D:3      | Reached skill level 1 in Earth Magic
  2702 | D:3      | Found a faded altar of an unknown god.
  2834 | D:3      | Reached XP level 6. HP: 59/67 MP: 9/9
  3129 | D:3      | XOM: cast spell 'Summon Small Mammal'
  3142 | D:3      | XOM: confuse monster(s)
  3295 | D:4      | Noticed a two-headed ogre
  3298 | D:4      | XOM: butterfly on damage
  3298 | D:4      | XOM: smoke on damage
  3298 | D:4      | XOM: butterfly on damage
  3306 | D:4      | XOM: fog
  3312 | D:4      | XOM: snakes to sticks
  3374 | D:4      | XOM: give mutation
  3374 | D:4      | Gained mutation: You have sharp fingernails. [Xom's grace]
  3466 | D:4      | Found a basalt altar of Yredelemnul.
  3551 | D:4      | Noticed a glowing orange brain
  3551 | D:4      | a two-headed ogre changed into a glowing orange brain
  3551 | D:4      | XOM: polymorph two-headed ogre -> glowing orange brain
  3558 | D:4      | XOM: smoke on damage
  3559 | D:4      | XOM: enchant monster (good)
  3563 | D:4      | XOM: 1-stop teleportation journey
  3581 | D:4      | XOM: enchant monster (bad)
  3584 | D:4      | Killed a glowing orange brain
  3585 | D:4      | Reached skill level 7 in Fighting
  3585 | D:4      | Reached skill level 5 in Maces & Flails
  3585 | D:4      | Reached XP level 7. HP: 27/79 MP: 10/10
  3586 | D:4      | XOM: enchant monster (good)
  3589 | D:4      | Killed from afar by an orc wizard

Illustrated notes

Levels and vault maps discovered:
D:1:      dpeg_arrival_radiant, layout_loops_ring
D:2:      layout_basic, serial_shops, nicolae_shop_bloodbath_and_beyond
D:3:      layout_basic, tgw_trog, nicolae_ecumenical_snake_handling,
          uniq_jessica
D:4:      layout_loops_corners, mainiacjoe_overflow_cross_hatched,
          mainiacjoe_overflow_surrounded_room, ebering_ghost_sewer_d

Skill      XL: |  1  2  3  4  5  6 |
---------------+-------------------+-----
Maces & Flails | 3 4 5 |  5.4
Fighting       | 5 6 7 |  7.9
Spellcasting   | 2 |  2.1
Earth Magic    | 1 3 |  3.4
Dodging        | |  2.1

Action                   |  1- 3 |  4- 6 |  7- 9 || total
-------------------------+-------+-------+-------++-------
Melee: Mace              |    98 |    81 |     5 ||   184
       Punch             |     2 |     1 |       ||     3
Throw: Large rock        |     2 |     3 |       ||     5
       Dart              |       |     2 |       ||     2
Evoke: Piece from Xom's  |       |     1 |       ||     1
  Use: Scroll            |     6 |     4 |       ||    10
 Stab: Sleeping          |     2 |       |       ||     2
       Paralysed         |       |       |     1 ||     1
Armor: Robe              |    57 |    25 |     2 ||    84
Dodge: Dodged            |    45 |    44 |       ||    89

Table legend: (Time is in decaauts)
 A = Elapsed time spent in this place.
 B = Non-inter-level travel time spent in this place.
 C = Inter-level travel time spent in this place.
 D = Time resting spent in this place.
 E = Time spent auto-exploring this place.
 F = Levels seen in this place.
 G = Mean time per level.
                   A        B        C        D        E       F      G
               +--------+--------+--------+--------+--------+-----+--------+
         Total |   3634 |   3447 |    187 |     55 |   2689 |   4 |  908.5 |
       Dungeon |   3634 |   3447 |    187 |     55 |   2689 |   4 |  908.5 |
               +--------+--------+--------+--------+--------+-----+--------+

Top non-repeatable levels by time:
     D:2: 1158 daAuts
     D:1: 1150 daAuts
     D:3: 998 daAuts
     D:4: 326 daAuts
